 Seeded DCSS version 0.30-a0-371-gad7725a93e (webtiles) character file.

Game seed: 12460970759821053352 (custom seed)

57 innerfire433 the Trooper (level 3, -3/29 HPs)
             Began as a Demonspawn Monk on Nov 22, 2022.
             Slain by a gnoll
             ... wielding a +0 spear
              (5 damage)
             ... on level 2 of the Dungeon.
             The game lasted 00:02:04 (1088 turns).

innerfire433 the Trooper (Demonspawn Monk)          Turns: 1088, Time: 00:02:04

Health: -3/29      AC:  3    Str: 13    XL:     3   Next: 73%
Magic:  3/3        EV: 13    Int: 19    God:
Gold:   54         SH:  0    Dex: 15    Spells: 2/2 levels left

rFire   . . .      SeeInvis .    a - +0 spear
rCold   . . .      Faith    .    (no shield)
rNeg    . . .      Spirit   .    b - +0 robe
rPois   .          Reflect  .    (no helmet)
rElec   .          Harm     .    (no cloak)
rCorr   .          Rampage  .    (no gloves)
Will    .....                    k - +0 pair of boots
Stlth   ++........               e - amulet of magic regeneration
HPRegen 0.24/turn                i - +6 ring of intelligence
MPRegen 0.48/turn                (no ring)

@: no status effects
A: big brain 1
a: no special abilities


You were on level 2 of the Dungeon.
You visited 1 branch of the dungeon, and saw 2 of its levels.

You collected 54 gold pieces.

Inventory:

Hand Weapons
 a - a +0 spear (weapon)
Armour
 b - a +0 robe (worn)
 k - a +0 pair of boots (worn)
Jewellery
 e - an amulet of magic regeneration (around neck)
 i - a +6 ring of intelligence (left hand)
Scrolls
 f - a scroll of teleportation {unknown}
 g - a scroll of immolation {unknown}
 h - a scroll of enchant weapon {unknown}
 j - 2 scrolls of identify {unknown}


   Skills:
 + Level 3.6 Fighting
 + Level 3.3 Polearms
 + Level 3.2 Dodging
 - Level 1.9 Stealth


You had 2 spell levels left.
You didn't know any spells.
Your spell library was empty.

Dungeon Overview and Level Annotations

Branches:
Dungeon (2/15)

Altars:


Innate Abilities, Weirdness & Mutations

You have an unusually large brain. (Int +2)


Message History

You feel less wooden.
Your +0 pair of boots unmelds from your body.
Your +0 robe unmelds from your body.
The gnoll hits you from afar with a +2 vorpal spear.
You're too confused to attack without stumbling around!
You're too confused to attack without stumbling around!
The gnoll misses you.
The gnoll hits you with a +2 vorpal spear.
Items here: )) ††.
You're too confused to aim your attacks!
Unknown command.
You closely miss the gnoll.
The gnoll is severely wounded.
The gnoll barely misses you.
The gnoll hits you with a +2 vorpal spear!
You hit the gnoll.
You kill the gnoll!
You feel less invigorated.
You feel less confused. The gnoll hits you but does no damage.
The gnoll hits you but does no damage.
You see here a +2 vorpal spear.
You hit the gnoll.
The gnoll is lightly wounded.
The gnoll hits you with a +0 spear.
You hit the gnoll but do no damage.
The gnoll is lightly wounded.
The gnoll hits you with a +0 spear.
* * * LOW HITPOINT WARNING * * *
You hit the gnoll.
The gnoll is heavily wounded.
The gnoll closely misses you.
You closely miss the gnoll.
The gnoll is heavily wounded.
The gnoll hits you with a +0 spear.
* * * LOW HITPOINT WARNING * * *
You closely miss the gnoll.
The gnoll is heavily wounded.
The gnoll hits you with a +0 spear.
You die...

..##.# #.###.####.#
.###.# #.# #># #.# .#
#.# #.# #.# #†## .###.#
#.# #.# #..#
.....#####.###.####..###
#####..................#
#####.####.##.#####..#.#
#.....# #.##.#####..#.#
#.##### #.....g@)..># #
#†# #.##.######.# #.# #
..# #.########(# ##.#
..##....<..# #[#
.....####### #.# ######
..> #.#


You could see a gnoll.

Vanquished Creatures
  3 gnolls (D:2)
  A dart slug (D:1)
  2 ball pythons
  2 endoplasms (D:2)
  2 giant cockroaches
  7 goblins (D:1)
  A hobgoblin (D:1)
  3 quokkas
  2 bats
  A frilled lizard (D:2)
24 creatures vanquished.

Notes
Turn   | Place    | Note
-------+----------+-------------------------------------------
     0 | D:1      | innerfire433 the Demonspawn Monk began the quest for the
                  | Orb.
     0 | D:1      | Reached XP level 1. HP: 18/18 MP: 1/1
   245 | D:1      | Gained mutation: You have an unusually large brain. (Int
                  | +2) [demonic ancestry]
   245 | D:1      | Reached XP level 2. HP: 24/24 MP: 2/2
  1049 | D:2      | Reached XP level 3. HP: 29/29 MP: 3/3
  1088 | D:2      | Slain by a gnoll

Illustrated notes

Levels and vault maps discovered:
D:1:      ncdulo_watergridlock, layout_loops_ring,
          minmay_misc_feat_secret_circle
D:2:      layout_loops_ring, serial_bayou_pond_e

Skill      XL: |  1  2 |
---------------+-------+-----
Polearms       | 3 |  3.3
Dodging        | 3 |  3.2
Fighting       | |  3.6
Stealth        | |  1.9

Action                   || total
-------------------------++-------
Melee: Spear             ||   140
       Punch             ||     1
  Use: Potion            ||     2
 Stab: Sleeping          ||     2
Armor: Robe              ||    15
       Skin              ||    35
Dodge: Dodged            ||    51

Table legend: (Time is in decaauts)
 A = Elapsed time spent in this place.
 B = Non-inter-level travel time spent in this place.
 C = Inter-level travel time spent in this place.
 D = Time resting spent in this place.
 E = Time spent auto-exploring this place.
 F = Levels seen in this place.
 G = Mean time per level.
                   A        B        C        D        E       F      G
               +--------+--------+--------+--------+--------+-----+--------+
         Total |   1081 |   1017 |     64 |      0 |    765 |   2 |  540.5 |
       Dungeon |   1081 |   1017 |     64 |      0 |    765 |   2 |  540.5 |
               +--------+--------+--------+--------+--------+-----+--------+

Top non-repeatable levels by time:
     D:1: 883 daAuts
     D:2: 198 daAuts
